 Dungeon Crawl Stone Soup version 0.30-a0-586-g23e55c9e0a (webtiles) character file.

Game seed: 796970545816502353

27 sokol815 the Gusty (level 3, 0/21 HPs)
             Began as an Octopode Air Elementalist on Jan 4, 2023.
             Slain by an ogre
             ... wielding a +0 giant club
              (21 damage)
             ... on level 2 of the Dungeon.
             The game lasted 00:02:05 (951 turns).

sokol815 the Gusty (Octopode Air Elementalist)       Turns: 951, Time: 00:02:05

Health: 0/21       AC:  1    Str:  7    XL:     3   Next: 10%
Magic:  3/6        EV: 13    Int: 19    God:
Gold:   69         SH:  0    Dex: 12    Spells: 5/6 levels left

rFire   . . .      SeeInvis .    a - +0 war axe (elec)
rCold   . . .      Faith    .    (no shield)
rNeg    . . .      Spirit   .    (helmet restricted)
rPois   .          Reflect  .    (no amulet)
rElec   .          Harm     .    (no ring)
rCorr   .          Rampage  .    (no ring)
Will    .....                    (no ring)
Stlth   +++                      (no ring)
HPRegen 0.23/turn                (no ring)
MPRegen 0.10/turn                (no ring)
                                 (no ring)
                                 (no ring)

@: no status effects
A: almost no armour, amphibious, 8 rings, camouflage 1, gelatinous body 1,
(nimble swimmer 1), tentacles
a: no special abilities


You were on level 2 of the Dungeon.
You visited 1 branch of the dungeon, and saw 2 of its levels.

You collected 69 gold pieces.

Inventory:

Hand Weapons
 a - a +0 war axe of electrocution (weapon)
   (You found it on level 1 of the Dungeon)
 b - a +1 dagger of speed
   (You took it off a kobold on level 1 of the Dungeon)
 c - a +0 spear
   (You found it on level 1 of the Dungeon)
Missiles
 s - 35 stones
Jewellery
 e - an amulet of faith
   (You found it on level 1 of the Dungeon)
Scrolls
 d - a scroll of teleportation {unknown}
 g - 2 scrolls of identify {unknown}
Potions
 f - a potion of flight {unknown}
 h - a potion of heal wounds {unknown}
 i - a potion of mutation {unknown}
 j - a potion of invisibility {unknown}
 M - a potion of magic


   Skills:
 + Level 1.3 Axes
 - Level 2.0 Dodging
 - Level 2.6 Stealth
 - Level 2.0 Spellcasting
 + Level 1.8 Conjurations
 + Level 3.4 Air Magic


You had 5 spell levels left.
You knew the following spells:

 Your Spells              Type           Power      Damage    Failure   Level
a - Shock                 Conj/Air       44%        1d5       6%          1

Your spell library contained the following spells:

 Spells                   Type           Power      Damage    Failure   Level
 Magic Dart               Conj           32%        1d4       8%          1
 Static Discharge         Conj/Air       22%        2-3/arc   9%          2
 Swiftness                Air            14%        N/A       12%         3
 Mephitic Cloud           Conj/Pois/Air  8%         N/A       24%         3
 Call Imp                 Summ           1%         N/A       26%         2
 Airstrike                Air            7%         2d(1-17)  38%         4


Dungeon Overview and Level Annotations

Branches:
Dungeon (2/15) Zot: 11035

Altars:


Innate Abilities, Weirdness & Mutations

You cannot wear most types of armour.
You are amphibious.
You can wear up to eight rings at the same time.
Your skin changes colour to match your surroundings (Stealth+).
Your rubbery body absorbs attacks. (AC +1, EV +1)
((You are camouflaged when in or above water. (Stealth+)))
You have tentacles for arms and can constrict up to eight enemies at once.


Message History

The kobold shouts!
You slash the endoplasm!
You kill the endoplasm!
The zap hits the kobold.
You kill the kobold!
You now have 4/5 mp.
No target in view!
Found a stone staircase leading down.
Health restored: 17; MP restored: 5 A bat comes into view.
The zap hits the bat.
You kill the bat!
You now have 4/5 mp.
No target in view!
No target in view!
An endoplasm comes into view.
You see here 5 gold pieces.
MP restored: 5 The zap hits the endoplasm.
You now have 4/5 mp.
The zap hits the endoplasm.
You kill the endoplasm!
You now have 3/5 mp.
No target in view!
No target in view!
You now have 60 gold pieces (gained 5).
h - a black potion MP restored: 5 You now have 69 gold pieces (gained 9).
An endoplasm comes into view.
The zap hits the endoplasm.
The endoplasm quivers.
You now have 4/5 mp.
The zap hits the endoplasm.
You kill the endoplasm!
You have reached level 3!
Your experience leads to an increase in your attributes!
Increase (s)trength, (i)ntelligence, or (d)exterity?
You feel clever. x2
Health restored: 21 You now have 3/6 mp.
A bat comes into view.
The zap misses the bat.
You now have 3/6 mp.
No target in view!
A bat is nearby!
You closely miss the bat. Your grab misses the bat.
You squeeze the bat, but do no damage. The bat completely misses you.
You completely miss the bat. Your grab misses the bat.
The bat barely misses you.
You miss the bat. Your grab misses the bat. The bat misses you.
The bat completely misses you.
You barely miss the bat. Your grab misses the bat.
The bat completely misses you.
You completely miss the bat. You grab the bat. You constrict the bat.
The bat closely misses you.
The bat escapes!
The bat closely misses you.
You barely miss the bat. Your grab misses the bat. The bat misses you.
You hit the bat but do no damage. Lightning courses through the bat!
You kill the bat!
No target in view!
No target in view!
A bat comes into view.
MP restored: 6 A bat is nearby!
The zap hits the bat.
You kill the bat!
You now have 5/6 mp.
No target in view!
No target in view!
Found a stone staircase leading down.
MP restored: 6 No target in view!
A frilled lizard and a kobold come into view.
The zap misses the frilled lizard.
You now have 5/6 mp.
The zap hits the frilled lizard.
You kill the frilled lizard!
You now have 4/6 mp.
The zap hits the kobold.
You kill the kobold!
You now have 3/6 mp.
No target in view!
No target in view!
i - a fuming red potion MP restored: 6
j - a smoky brown potion An ogre comes into view.
It is wielding a +0 giant club.
The zap hits the ogre.
The ogre shouts!
You now have 5/6 mp.
The zap hits the ogre.
You now have 4/6 mp.
The zap hits the ogre.
You now have 3/6 mp.
The ogre barely misses you.
You barely miss the ogre. The ogre closely misses you.
You barely miss the ogre.
The ogre hits you with a +0 giant club!!
Ouch! That really hurt!
You die...

#.......#.........##
...#.......#........##
...#.........#...†..#
(.......)...#......##
.....^...†.........#
#.##..............#
#.###.................#
........................
.##O@........#.......
#.....................
#..(.>........#######.
....#...........#
#.##.[..........# .
#...)........#
..........#####
####....###


You could see an ogre.

Vanquished Creatures
  5 endoplasms
  2 giant cockroaches (D:1)
  2 hobgoblins (D:1)
  A quokka (D:1)
  A ball python (D:2)
  4 bats (D:2)
  2 frilled lizards
  2 goblins (D:1)
  5 kobolds
  A rat (D:1)
25 creatures vanquished.

Notes
Turn   | Place    | Note
-------+----------+-------------------------------------------
     0 | D:1      | sokol815 the Octopode Air Elementalist began the quest for
                  | the Orb.
     0 | D:1      | Reached XP level 1. HP: 11/11 MP: 3/3
   276 | D:1      | You fall into a shaft and drop 1 floor!
   430 | D:1      | Reached XP level 2. HP: 17/17 MP: 1/5
   723 | D:2      | Reached skill level 1 in Axes
   723 | D:2      | HP: 1/17 [kobold/+1 dagger of speed (4)]
   860 | D:2      | Reached XP level 3. HP: 21/21 MP: 3/6
   944 | D:2      | Noticed an ogre
   951 | D:2      | Slain by an ogre

Illustrated notes

Levels and vault maps discovered:
D:1:      giann_wishing_wells, layout_rooms, kennysheep_flooded_box
D:2:      layout_rooms, basic_altar

Skill      XL: |  1  2 |
---------------+-------+-----
Axes           | 1 |  1.3
Dodging        | |  2.0
Stealth        | |  2.6
Spellcasting   | |  2.0
Conjurations   | |  1.8
Air Magic      | |  3.4

Action                   || total
-------------------------++-------
Melee: War axe           ||    26
       Constrict         ||     4
       Tentacles         ||     2
 Cast: Shock             ||    33
 Stab: Sleeping          ||     1
Armor: Skin              ||     4
Dodge: Dodged            ||    23

Table legend: (Time is in decaauts)
 A = Elapsed time spent in this place.
 B = Non-inter-level travel time spent in this place.
 C = Inter-level travel time spent in this place.
 D = Time resting spent in this place.
 E = Time spent auto-exploring this place.
 F = Levels seen in this place.
 G = Mean time per level.
                   A        B        C        D        E       F      G
               +--------+--------+--------+--------+--------+-----+--------+
         Total |    962 |    927 |     35 |     82 |    712 |   2 |  481.0 |
       Dungeon |    962 |    927 |     35 |     82 |    712 |   2 |  481.0 |
               +--------+--------+--------+--------+--------+-----+--------+

Top non-repeatable levels by time:
     D:1: 787 daAuts
     D:2: 175 daAuts

Table legend:
 A = Kills in this place as a percentage of kills in entire the game.
 B = Kills by you in this place as a percentage of kills by you in the entire game.
 C = Kills by friends in this place as a percentage of kills by friends in the entire game.
 D = Other kills in this place as a percentage of other kills in the entire game.
 E = Experience gained in this place as a percentage of experience gained in the entire game.
 F = Experience gained in this place divided by the number of levels of this place that you have seen.
                   A       B       C       D       E      F
               +-------+-------+-------+-------+-------+----------------------
         Total | 100.0 | 100.0 |   N/A |   N/A | 100.0 |  19.5
       Dungeon | 100.0 | 100.0 |   N/A |   N/A | 100.0 |  19.5
               +-------+-------+-------+-------+-------+----------------------
